Map: Blackburn LE

Players

Probe

  • Race: Protoss Protoss

TeebuL - Winner!

  • Race: Protoss Protoss

Event: DreamHack SC2 Masters 2021 Winter

VOD

Have the link to the VOD?

Description

Time

  • Played on: Sept. 30, 2021, 4:39 a.m.
  • Length: 22:15

All games in this series

Show
View Real Time Build Order
Export as new Build Order

Probe Protoss 

Build Orders: Zealot Archon 

Get SALT Encoding   

  12  0:00  Probe  
  13  0:13  Probe  
  14  0:20  Pylon  
  14  0:25  Probe  
  15  0:38  Probe (Chrono Boost)  
  15  0:39  Gateway  
  16  0:47  Assimilator, Probe (Chrono Boost)  
  17  0:52  Probe  
  18  1:04  Probe (Chrono Boost)  
  19  1:14  Assimilator  
  19  1:16  Probe (Chrono Boost), Pylon  
  20  1:22  Pylon  
  20  1:24  Probe (Chrono Boost)  
  21  1:31  Probe  
  21  1:32  Cybernetics Core  
  22  1:42  Zealot  
  22  1:43  Probe  
  25  1:55  Probe  
  26  2:07  Stalker (Chrono Boost), Probe  
  27  2:10  Warp Gate (Chrono Boost)  
  29  2:24  Probe  
  29  2:29  Nexus  
  30  2:42  Pylon  
  30  2:47  Gateway  
  30  2:50  Probe  
  31  2:57  Shield Battery  
  30  3:02  Probe  
  31  3:06  Stalker  
  33  3:14  Probe  
  33  3:19  Twilight Council  
  34  3:26  Probe  
  35  3:38  Probe  
  36  3:41  Probe  
  37  3:50  Probe  
  37  3:52  Stalker  
  37  3:53  Stalker, Probe  
  43  4:02  Probe (Chrono Boost)  
  43  4:04  Pylon  
  43  4:05  Blink (Chrono Boost)  
  45  4:11  Probe (Chrono Boost)  
  45  4:14  Probe (Chrono Boost)  
  46  4:18  Stalker  
  46  4:19  Probe x2 (Chrono Boost)  
  46  4:23  Stalker  
  52  4:29  Probe (Chrono Boost)  
  54  4:36  Probe (Chrono Boost)  
  55  4:38  Probe (Chrono Boost)  
  55  4:42  Robotics Facility  
  55  4:43  Probe x2 (Chrono Boost), Pylon  
  57  4:48  Stalker, Assimilator  
  59  4:53  Stalker  
  59  4:55  Probe  
  62  5:01  Probe  
  62  5:02  Pylon  
  63  5:09  Probe  
  63  5:11  Gateway  
  63  5:13  Gateway  
  64  5:15  Forge  
  64  5:18  Probe  
  65  5:22  Probe  
  65  5:27  Stalker, Shield Battery  
  65  5:28  Sentry  
  70  5:30  Observer (Chrono Boost)  
  70  5:33  Probe  
  70  5:34  Probe  
  73  5:43  Cybernetics Core  
  73  5:45  Probe  
  73  5:46  Protoss Ground Weapons Level 1 (Chrono Boost)  
  73  5:49  Observer, Pylon  
  75  5:52  Stalker  
  77  6:01  Pylon  
  77  6:14  Nexus  
  77  6:16  Gateway  
  77  6:18  Gateway  
  77  6:19  Observer  
  77  6:20  Gateway  
  77  6:22  Templar Archives  
  77  6:26  Charge (Chrono Boost)  
  77  6:33  Probe x2  
  77  6:34  Pylon  
  77  6:39  Gateway  
  79  6:40  Gateway  
  79  6:44  Observer  
  79  6:47  Zealot x3  
  79  6:50  Observer  
  83  6:58  Probe  
  78  7:04  Probe  
  77  7:10  Probe  
  78  7:16  Probe, High Templar x2  
  78  7:18  Observer  
  78  7:22  Probe  
  84  7:26  Archon  
  84  7:29  Probe (Chrono Boost)  
  85  7:34  Probe (Chrono Boost)  
  87  7:41  Probe x2 (Chrono Boost)  
  89  7:44  Probe (Chrono Boost)  
  89  7:47  High Templar  
  89  7:49  Probe (Chrono Boost), High Templar  
  89  7:50  Zealot x5, Probe x2 (Chrono Boost)  
  104  7:54  Protoss Ground Weapons Level 2 (Chrono Boost)  
  105  8:00  Archon, Probe  
  105  8:02  Probe x2  
  105  8:04  Shield Battery  
  106  8:12  Zealot x2, Probe  
  107  8:13  Zealot  
  107  8:18  Probe x2  
  115  8:20  Shield Battery  
  115  8:24  Probe  
  115  8:25  Assimilator  
  115  8:27  Photon Cannon, Assimilator  
  116  8:30  Probe  
  117  8:34  Robotics Bay  
  117  8:36  Pylon  
  117  8:38  Pylon  
  117  8:40  Pylon  
  117  8:47  Robotics Facility  
  117  8:48  Pylon  
  117  8:49  Pylon  
  117  8:52  Photon Cannon  
  117  8:55  Photon Cannon  
  117  9:00  Probe x2  
  119  9:11  Observer  
  119  9:12  Zealot x6  
  119  9:15  Shield Battery  
  128  9:17  Shield Battery  
  128  9:23  Shield Battery  
  128  9:24  High Templar x2  
  128  9:25  Shield Battery  
  128  9:26  Disruptor (Chrono Boost)  
  128  9:29  Archon  
  135  9:33  Disruptor (Chrono Boost)  
  132  9:54  Disruptor  
  135  10:01  Disruptor  
  135  10:05  Stalker, Zealot  
  135  10:06  Zealot x3  
  148  10:10  Nexus  
  146  10:23  Probe  
  145  10:30  Disruptor  
  145  10:31  Stalker x4  
  156  10:36  Pylon x2  
  156  10:37  Pylon  
  156  10:38  Protoss Ground Weapons Level 3 (Chrono Boost)  
  156  10:40  Pylon  
  156  10:49  Probe  
  157  10:54  Probe  
  157  10:56  Pylon  
  158  10:58  Pylon  
  161  11:05  Disruptor x2 (Chrono Boost)  
  161  11:06  Zealot x4  
  160  11:24  Zealot x5  
  138  11:40  Photon Cannon, Observer (Chrono Boost)  
  138  11:41  Assimilator  
  138  11:45  Disruptor (Chrono Boost)  
  139  11:47  Stalker  
  139  11:48  Stalker x5  
  139  11:53  Observer  
  151  11:54  Probe x3  
  151  11:56  Assimilator  
  154  12:05  Probe  
  152  12:10  Probe  
  152  12:12  Zealot x8  
  167  12:27  Stalker  
  161  12:35  Zealot x2  
  161  12:36  Photon Cannon, Zealot  
  161  12:37  Zealot x5  
  169  12:38  Probe  
  169  12:40  Probe x2 (Chrono Boost)  
  169  12:43  Probe (Chrono Boost)  
  178  12:48  Disruptor x2  
  178  12:50  Probe (Chrono Boost)  
  185  12:52  Probe (Chrono Boost)  
  186  12:58  Assimilator  
  186  13:04  High Templar x2  
  186  13:05  High Templar x2  
  194  13:09  Archon x2  
  194  13:13  Nexus  
  173  13:22  Zealot x5  
  173  13:24  Observer  
  147  13:30  Disruptor  
  125  13:40  Zealot x4  
  117  13:43  Probe  
  117  13:45  Zealot, Disruptor  
  117  13:47  Probe (Chrono Boost)  
  116  13:53  High Templar x3  
  116  13:54  High Templar  
  124  13:56  Probe x2 (Chrono Boost)  
  124  14:01  Probe x2 (Chrono Boost), Archon x2  
  128  14:06  Probe x2 (Chrono Boost)  
  128  14:09  Probe x2 (Chrono Boost)  
  130  14:12  High Templar x2  
  130  14:13  Probe x2  
  138  14:17  Archon  
  138  14:18  Probe x2  
  140  14:25  Probe x2  
  140  14:26  High Templar x2  
  140  14:28  Disruptor  
  140  14:30  Probe x2  
  151  14:31  Archon  
  151  14:33  Sentry  
  151  14:34  Zealot x2  
  151  14:37  Probe  
  156  14:41  Shield Battery  
  156  14:42  Zealot  
  156  14:43  Zealot  
  156  14:44  Photon Cannon  
  158  14:52  Zealot x2  
  154  14:56  Disruptor  
  154  15:02  Probe x2 (Chrono Boost)  
  154  15:03  Probe x2 (Chrono Boost)  
  154  15:04  Probe (Chrono Boost)  
  156  15:08  High Templar x2  
  156  15:09  Disruptor  
  156  15:12  Probe x3 (Chrono Boost)  
  156  15:13  Probe x2 (Chrono Boost), Shield Battery  
  168  15:17  Probe (Chrono Boost)  
  168  15:20  Photon Cannon  
  169  15:22  Shield Battery  
  169  15:24  Archon  
  169  15:28  Probe x2  
  169  15:29  Probe  
  169  15:30  Probe x2  
  169  15:32  Disruptor  
  169  15:34  Pylon  
  175  15:41  Zealot  
  175  15:42  Zealot x3  
  183  15:43  Probe  
  183  15:45  Observer  
  184  15:51  Assimilator  
  184  15:58  Assimilator  
  184  15:59  High Templar x3  
  184  16:00  High Templar  
  184  16:02  Zealot x4  
  200  16:05  Shield Battery  
  200  16:08  Archon x2  
  199  16:18  Probe  
  199  16:25  Zealot x4  
  198  16:34  Probe x2  
  200  16:53  Probe  
  199  16:55  Pylon  
  199  16:58  Dark Shrine  
  199  17:00  Pylon  
  199  17:02  Photon Cannon  
  199  17:05  Probe  
  189  17:09  Zealot x5  
  197  17:42  Stalker  
  197  17:43  Stalker  
  189  18:04  Zealot x7  
  182  18:07  Probe x2, Disruptor x2, Pylon  
  183  18:18  Pylon  
  183  18:19  Pylon  
  166  18:27  Dark Templar x7  
  166  18:30  Probe  
  166  18:33  Probe x2  
  179  18:43  Photon Cannon, Disruptor x2  
  179  18:45  Photon Cannon x2  
  179  18:46  Photon Cannon  
  177  18:48  Photon Cannon  
  177  18:49  Probe x2  
  177  18:50  Photon Cannon  
  177  18:51  Photon Cannon  
  177  18:53  Photon Cannon  
  177  18:54  Probe  
  180  19:01  Photon Cannon  
  180  19:02  Photon Cannon  
  174  19:06  Photon Cannon  
  174  19:09  Photon Cannon  
  174  19:10  Shield Battery  
  174  19:13  Probe x2 (Chrono Boost)  
  176  19:18  Archon x2  
  176  19:19  Observer x2, High Templar x3  
  176  19:20  High Templar  
  176  19:22  Probe (Chrono Boost)  
  187  19:28  Archon x2  
  187  19:30  Probe x2 (Chrono Boost)  
  191  19:32  Probe x2 (Chrono Boost)  
  191  19:33  Probe (Chrono Boost)  
  191  19:34  Probe x2 (Chrono Boost)  
  182  19:40  Probe x3, Disruptor x2  
  182  19:45  Probe  
  192  19:53  Probe  
  192  19:54  Probe x3  
  192  20:09  Zealot  
  192  20:10  Zealot x3  
  169  20:33  Zealot x9  
  169  20:34  Disruptor x2  
  180  21:01  Zealot  
  180  21:02  Zealot x8  
  180  21:04  Probe, Pylon x2  
  191  21:06  Probe x2  
  191  21:11  Observer  
  194  21:14  Nexus  
  193  21:28  High Templar x7  
  193  21:32  Observer  
  200  21:33  Archon x2  
  200  21:34  Archon  
  200  21:51  Dark Templar  
Show
View Real Time Build Order
Export as new Build Order

TeebuL Protoss - Winner!

Build Orders: Oracle Opening, Dark Templar Rush 

Get SALT Encoding   

  12  0:00  Probe  
  13  0:12  Probe  
  14  0:17  Pylon  
  14  0:24  Probe (Chrono Boost)  
  15  0:36  Probe (Chrono Boost)  
  15  0:39  Gateway  
  16  0:45  Probe (Chrono Boost)  
  17  0:50  Assimilator  
  17  0:51  Probe  
  18  1:03  Probe (Chrono Boost)  
  19  1:14  Probe (Chrono Boost)  
  19  1:16  Pylon  
  20  1:19  Probe (Chrono Boost)  
  21  1:27  Cybernetics Core, Assimilator  
  21  1:29  Probe  
  22  1:34  Zealot  
  24  1:41  Probe  
  25  1:53  Probe  
  26  2:02  Pylon  
  26  2:06  Stargate  
  26  2:09  Adept (Chrono Boost), Probe  
  29  2:34  Nexus  
  29  2:38  Probe  
  29  2:50  Oracle  
  32  2:52  Probe  
  32  2:55  Warp Gate  
  33  3:04  Probe  
  34  3:06  Twilight Council  
  34  3:17  Probe  
  35  3:21  Gateway  
  35  3:29  Probe  
  35  3:32  Pylon  
  36  3:41  Probe (Chrono Boost)  
  38  3:49  Probe (Chrono Boost)  
  38  3:51  Probe (Chrono Boost), Dark Shrine  
  38  3:54  Gateway  
  39  3:57  Probe (Chrono Boost)  
  39  4:00  Probe (Chrono Boost)  
  41  4:04  Probe  
  42  4:11  Probe  
  42  4:15  Charge (Chrono Boost)  
  42  4:16  Probe  
  44  4:23  Probe  
  45  4:28  Probe  
  46  4:35  Probe  
  47  4:45  Nexus  
  47  4:49  Probe  
  48  4:54  Probe  
  49  5:01  Probe  
  49  5:06  Zealot x3, Probe  
  57  5:10  Robotics Facility  
  57  5:11  Assimilator, Pylon  
  57  5:12  Pylon  
  57  5:17  Probe  
  57  5:21  Gateway  
  58  5:22  Gateway  
  58  5:25  Probe  
  58  5:27  Zealot, Shield Battery  
  61  5:34  Zealot x2  
  65  5:48  Probe  
  65  5:49  Probe  
  67  5:54  Zealot  
  67  5:55  Immortal (Chrono Boost)  
  67  5:56  Pylon  
  69  5:59  Zealot x2  
  69  6:01  Probe  
  76  6:12  Probe x2  
  76  6:13  Probe  
  76  6:17  Dark Templar  
  79  6:24  Probe, Shield Battery  
  79  6:25  Immortal (Chrono Boost), Probe  
  85  6:28  Probe  
  85  6:31  Forge  
  86  6:37  Dark Templar x3  
  92  6:40  Probe  
  93  6:51  Probe  
  94  6:58  Probe, Protoss Ground Weapons Level 1 (Chrono Boost)  
  95  7:03  Probe  
  95  7:05  Zealot x2  
  96  7:10  Gateway, Zealot x3  
  96  7:11  Gateway  
  96  7:14  Pylon  
  100  7:27  Pylon  
  100  7:29  Photon Cannon, Immortal (Chrono Boost), Gateway  
  100  7:30  Photon Cannon  
  100  7:31  Pylon  
  100  7:35  Sentry x2  
  108  7:41  Pylon x2  
  108  7:47  Zealot x3  
  114  7:56  Probe  
  114  7:58  Pylon  
  115  8:02  Observer, Probe  
  115  8:06  Templar Archives  
  115  8:07  Assimilator  
  115  8:10  Dark Templar x2  
  115  8:11  Zealot x5  
  129  8:15  Archon  
  129  8:22  Pylon  
  129  8:27  Warp Prism (Chrono Boost)  
  129  8:28  Dark Templar, Pylon  
  133  8:36  Pylon x2  
  133  8:39  Protoss Ground Weapons Level 2 (Chrono Boost)  
  133  8:49  Nexus  
  133  8:53  Pylon  
  130  9:11  Zealot  
  130  9:14  High Templar  
  130  9:15  High Templar  
  130  9:16  Zealot x2  
  130  9:17  Zealot x2  
  144  9:19  Gateway  
  142  9:26  Gateway  
  142  9:28  Pylon  
  142  9:29  Pylon  
  141  9:31  Zealot  
  135  9:58  Zealot x7  
  145  10:01  Probe x2  
  145  10:02  Probe  
  150  10:07  Stargate  
  150  10:12  Robotics Facility  
  142  10:14  Robotics Bay  
  142  10:17  Phoenix (Chrono Boost)  
  142  10:20  Zealot x8, Stargate  
  152  10:22  Probe  
  152  10:23  Probe  
  150  10:32  Probe  
  150  10:33  Probe  
  146  10:36  Photon Cannon  
  146  10:39  Immortal (Chrono Boost)  
  146  10:40  Phoenix (Chrono Boost)  
  146  10:41  Archon  
  152  10:45  Assimilator x2  
  152  10:48  Gateway, High Templar x2  
  152  10:49  Zealot, High Templar x2  
  162  10:50  Zealot x4  
  162  10:54  Archon  
  168  10:59  Archon  
  168  11:03  Photon Cannon x2  
  166  11:06  Pylon  
  140  11:18  Zealot x5  
  140  11:20  Phoenix x2  
  138  11:31  Immortal (Chrono Boost), Zealot x4  
  138  11:41  Phoenix, Dark Shrine  
  138  11:43  Zealot  
  138  11:45  Phoenix  
  144  11:47  Dark Templar  
  146  11:55  Zealot x4  
  154  12:04  Protoss Ground Weapons Level 3 (Chrono Boost)  
  154  12:08  Zealot x5  
  162  12:34  Phoenix x2 (Chrono Boost)  
  162  12:36  Zealot x3  
  162  12:37  Zealot x6  
  168  12:54  Shadow Stride (Chrono Boost)  
  168  12:56  Phoenix (Chrono Boost)  
  170  13:02  Phoenix (Chrono Boost)  
  172  13:05  High Templar x2  
  172  13:06  Nexus  
  172  13:07  Zealot x3  
  172  13:09  Archon  
  182  13:18  Zealot x5  
  139  13:29  Dark Templar x3  
  124  13:38  Zealot x4, Phoenix  
  124  13:48  Phoenix  
  120  13:57  Nexus  
  120  13:59  High Templar x2  
  126  14:07  Archon  
  126  14:10  Dark Templar x3  
  126  14:15  Pylon  
  126  14:17  Zealot x4  
  138  14:25  Archon  
  138  14:26  Zealot  
  140  14:33  Pylon  
  140  14:38  Zealot  
  140  14:39  Zealot x5  
  146  15:04  Zealot x4  
  146  15:05  Zealot x6  
  164  15:16  Assimilator  
  164  15:17  Assimilator  
  164  15:20  Phoenix x2  
  168  15:21  High Templar x2  
  168  15:26  Protoss Shields Level 1 (Chrono Boost)  
  168  15:27  Dark Templar, Archon  
  168  15:28  Dark Templar  
  176  15:29  Dark Templar  
  178  15:41  Zealot x4  
  186  15:46  Observer  
  179  15:51  Dark Templar x3  
  183  16:23  Pylon  
  179  16:32  Dark Templar x4  
  185  16:33  Zealot x5, Dark Templar  
  197  16:51  Gateway  
  197  16:52  Gateway x2  
  193  16:56  Gateway  
  193  17:00  Zealot x3  
  193  17:01  Robotics Facility  
  199  17:02  Robotics Bay  
  187  17:14  Zealot x5  
  187  17:15  Zealot x2  
  191  17:29  Dark Templar x3  
  195  17:38  Zealot x2  
  197  17:49  Nexus  
  195  18:00  Dark Templar x2  
  188  18:14  Blink (Chrono Boost)  
  188  18:18  Disruptor (Chrono Boost)  
  177  18:29  Zealot x4  
  177  18:30  Zealot x8  
  199  18:47  Disruptor (Chrono Boost)  
  177  19:03  Observer (Chrono Boost)  
  177  19:04  Probe x2  
  177  19:05  Probe x2  
  177  19:09  Gravitic Boosters  
  179  19:13  Probe  
  177  19:17  Probe (Chrono Boost)  
  177  19:20  Photon Cannon  
  177  19:22  Photon Cannon, Disruptor (Chrono Boost)  
  180  19:24  Photon Cannon  
  180  19:27  Probe (Chrono Boost)  
  180  19:29  Probe (Chrono Boost)  
  181  19:32  Probe (Chrono Boost)  
  181  19:36  Probe (Chrono Boost)  
  182  19:40  Zealot x9  
  182  19:41  Probe (Chrono Boost)  
  199  19:53  Probe  
  146  20:29  Zealot x14  
  146  20:30  Disruptor x2  
  162  20:49  Dark Templar x5  
  172  20:50  Zealot x3, Dark Templar x6  
  190  21:08  Immortal (Chrono Boost)  
  193  21:14  Observer (Chrono Boost)  
  190  21:27  Disruptor (Chrono Boost)  
  190  21:28  Zealot x3  
  199  21:40  Disruptor (Chrono Boost)  

Tags
 
Add a new tag
Caveats
  • Supply blocks, unpowered buildings, or Contaminate may cause inaccurate times.
  • Supply counts are checked every 10 seconds.